 Seeded DCSS version 0.29-a0-1009-g60c99734e7 (webtiles) character file.

Game seed: 20220808 (custom seed)

438 purpskrrrp the Insei (level 6, -2/50 HPs)
             Began as a Draconian Transmuter on Aug 8, 2022.
             Was a Priest of Lugonu.
             Slain by an orc
             ... wielding a +0 trident
              (5 damage)
             ... on level 4 of the Dungeon.
             The game lasted 00:10:26 (3429 turns).

purpskrrrp the Insei (Draconian Transmuter)         Turns: 3429, Time: 00:10:26

Health: -2/50      AC:  7    Str: 16    XL:     6   Next: 69%
Magic:  10/10      EV: 13    Int: 13    God:    Lugonu [***...]
Gold:   134        SH:  0    Dex: 17    Spells: 9/10 levels left

rFire   + . .      SeeInvis +   c - +2 whip (venom)
rCold   . . .      Faith    .   (no shield)
rNeg    . . .      Spirit   .   (body armour unavailable)
rPois   .          Reflect  .   (helmet restricted)
rElec   .          Harm     .   (no cloak)
rCorr   .          Rampage  .   (no gloves)
Will    .....                   f - +0 pair of boots
Stlth   ++........              (no amulet)
HPRegen 0.16/turn               d - ring "Hylub" {rF+ Str+4 Dex+3 SInv}
MPRegen 0.12/turn               (no ring)

@: no status effects
A: AC +6, unfitting armour, cold-blooded
a: Renounce Religion, Depart the Abyss, Bend Space, Banish


You were on level 4 of the Dungeon.
You worshipped Lugonu.
Lugonu was most pleased with you.
You visited 1 branch of the dungeon, and saw 4 of its levels.

You collected 134 gold pieces.

Inventory:

Hand Weapons
 c - a +2 whip of venom (weapon)
Armour
 f - a +0 pair of boots (worn)
 r - a +1 helmet
Jewellery
 d - the ring "Hylub" (left hand) {rF+ Str+4 Dex+3 SInv}
   (You acquired it on level 1 of the Dungeon)

   [ring of see invisible]

   Str:       It affects your strength (+4).
   Dex:       It affects your dexterity (+3).
   rF:        It protects you from fire.
   SInv:      It lets you see invisible.
 o - an amulet of guardian spirit
Wands
 t - a wand of roots (8)
 u - a wand of paralysis (13)
Scrolls
 e - 2 scrolls of enchant armour {unknown}
 h - 4 scrolls of blinking {unknown}
 k - a scroll of summoning
 l - a scroll of teleportation {unknown}
 s - a scroll of silence {unknown}
Potions
 b - 2 potions of curing {unknown}
 g - a potion of might {unknown}
 i - 2 potions of attraction {unknown}
 j - 2 potions of resistance {unknown}
 m - a potion of magic {unknown}
 p - 2 potions of brilliance {unknown}
 q - a potion of mutation {unknown}


   Skills:
 + Level 2.7 Fighting
 + Level 2.1 Maces & Flails
 + Level 2.7 Dodging
 * Level 4.5 Unarmed Combat
 + Level 2.8 Spellcasting
 * Level 4.2 Transmutations


You had 9 spell levels left.
You knew the following spells:

 Your Spells              Type           Power      Damage    Failure   Level
a - Beastly Appendage     Tmut           24%        N/A       4%          1

Your spell library contained the following spells:

 Spells                   Type           Power      Damage    Failure   Level
 Wereblood                Tmut           12%        N/A       6%          2
 Spider Form              Tmut/Pois      7%         N/A       30%         3
 Ice Form                 Ice/Tmut       7%         N/A       69%         4


Dungeon Overview and Level Annotations

Branches:
Dungeon (4/15)
 Temple: D:4-7

Altars:
Lugonu

Shops:
D:2 *

Annotations:
D:4 Natasha


Innate Abilities, Weirdness & Mutations

Your plain brown scales are hard. (AC +6)
You cannot fit into any form of body armour.
You are cold-blooded and may be slowed by cold attacks.


Message History

Okay, then.
Okay, then.
Really quaff the potion of lignification?
You turn into a tree.
Your +0 pair of boots melds into your body.
Your roots penetrate the ground.
The orc hits you but does no damage. x2
The orc barely misses you.
You hit the orc.
You kill the orc!
Lugonu accepts your kill. The orc completely misses you.
The orc hits you but does no damage.
You hit the orc but do no damage. The orc hits you but does no damage. x2
You closely miss the orc. The orc hits you but does no damage.
The orc barely misses you.
You hit the orc but do no damage.
The orc is poisoned.
The orc hits you but does no damage. x2
You hit the orc.
The orc looks as sick as possible!
The orc is almost dead.
Your transformation is almost over.
You kill the orc!
Lugonu accepts your kill. The orc hits you but does no damage.
You cannot move.
You fail to use your ability.
The orc hits you but does no damage. Space bends violently around you!
You blink.
An orc is nearby!
Natasha, Servant of Life and Death comes into view.
Natasha hisses angrily.
The orc hits you from afar with a +0 trident.
* * * LOW HITPOINT WARNING * * *
The orc hits you from afar with a +0 trident.
* * * LOW HITPOINT WARNING * * *
Natasha mumbles some strange words.
As you read the scroll labelled WUDICEUTYE, it crumbles to dust.
It is a scroll of identify.
k - a scroll of summoning You feel less wooden.
Your +0 pair of boots unmelds from your body.
The orc hits you from afar with a +0 trident.
You die...

.....# #.#o# .###.# #.#.## ##
## # ## #.# ###.#.##.##. .##.#
# #.# ##.#.#.# ...#...
####.#####.#..#.#####...#
..........###.#.#.†.##)##.##..
####.#####.#....)....)).......
#.# #.###.#.o.##)##.##.. #.#
####..@...h..# # #.#
#..........# #.# #........5.#
.#. #.###...#### # # #. #...#
#. #...# #... .###


You could see Natasha, a white imp (summoned) and an orc.

Vanquished Creatures
  Sigmund (D:3)
  A jelly (D:3)
  Jessica (D:3)
  Ijyb (D:3)
  Natasha (D:4)
  An iguana (D:4)
  An orc wizard (D:4)
  Robin (D:3)
  An adder (D:4)
  2 worms (D:4)
  11 orcs
  4 bats
  5 endoplasms
  4 giant cockroaches
  13 goblins
  9 hobgoblins
  9 jackals
  5 kobolds
  A quokka (D:1)
  5 ball pythons
  2 frilled lizards
  3 rats
82 creatures vanquished.

Notes
Turn   | Place    | Note
-------+----------+-------------------------------------------
     0 | D:1      | purpskrrrp the Draconian Transmuter began the quest for the
                  | Orb.
     0 | D:1      | Reached XP level 1. HP: 16/16 MP: 3/3
   194 | D:1      | Reached XP level 2. HP: 23/23 MP: 5/5
   666 | D:1      | Identified a scroll of acquirement
   666 | D:1      | Acquired the ring "Hylub" {rF+ Str+4 Dex+3 SInv}
   743 | D:2      | Found a faded altar of an unknown god.
   762 | D:2      | Prayed at the altar of an unknown god.
   762 | D:2      | Became a worshipper of Lugonu the Unformed
   762 | D:2      | Reached * piety under Lugonu
   762 | D:2      | Reached ** piety under Lugonu
   994 | D:2      | Found Wigg's General Store.
  1110 | D:2      | Reached XP level 3. HP: 28/28 MP: 6/6
  1459 | D:3      | Noticed Sigmund
  1473 | D:3      | Killed Sigmund
  1474 | D:3      | Reached skill level 1 in Maces & Flails
  1474 | D:3      | Reached XP level 4. HP: 16/36 MP: 7/7
  1474 | D:3      | Reached XP level 5. HP: 19/41 MP: 8/8
  1749 | D:3      | Noticed Jessica
  1756 | D:3      | Killed Jessica
  1808 | D:3      | Noticed Ijyb
  1824 | D:3      | Killed Ijyb
  1969 | D:3      | Noticed Robin
  1984 | D:3      | Killed Robin
  1990 | D:3      | Reached XP level 6. HP: 34/49 MP: 9/9
  2329 | D:3      | Reached *** piety under Lugonu
  3366 | D:4      | Noticed Natasha
  3377 | D:4      | Killed Natasha
  3425 | D:4      | Noticed Natasha
  3429 | D:4      | Slain by an orc

Illustrated notes

Levels and vault maps discovered:
D:1:      sevenhm_arrival_forest_fort_small_4, layout_loops_cross
D:2:      layout_basic, serial_shops, shop, basic_ecumenical_altar
D:3:      wad_river_or_something, layout_basic, uniq_jessica, uniq_sigmund,
          uniq_ijyb, uniq_robin
D:4:      minmay_spotlight, layout_loops_ring, uniq_natasha

Skill      XL: |  1  2  3  4  5  6 |
---------------+-------------------+-----
Dodging        | 2 |  2.7
Fighting       | 2 |  2.7
Maces & Flails | 1 2 |  2.1
Unarmed Combat | 4 |  4.5
Transmutations | 3 4 |  4.2
Spellcasting   | |  2.8

Action                   |  1- 3 |  4- 6 || total
-------------------------+-------+-------++-------
Melee: Unarmed           |    12 |       ||    12
       Tailslap          |    12 |    25 ||    37
       Kick              |     2 |       ||     2
       Headbutt          |     1 |       ||     1
       Whip              |    53 |   161 ||   214
       Punch             |     3 |     6 ||     9
 Cast: Beastly Appendage |     5 |       ||     5
Invok: Bend Space        |       |     1 ||     1
  Use: Scroll            |     1 |     1 ||     2
       Potion            |       |     1 ||     1
 Stab: Sleeping          |     1 |     2 ||     3
       Distracted        |       |     1 ||     1
Armor: Skin              |    14 |    59 ||    73
Dodge: Dodged            |    34 |   112 ||   146

Table legend: (Time is in decaauts)
 A = Elapsed time spent in this place.
 B = Non-inter-level travel time spent in this place.
 C = Inter-level travel time spent in this place.
 D = Time resting spent in this place.
 E = Time spent auto-exploring this place.
 F = Levels seen in this place.
 G = Mean time per level.
                   A        B        C        D        E       F      G
               +--------+--------+--------+--------+--------+-----+--------+
         Total |   3435 |   3266 |    169 |    198 |   2517 |   4 |  858.8 |
       Dungeon |   3435 |   3266 |    169 |    198 |   2517 |   4 |  858.8 |
               +--------+--------+--------+--------+--------+-----+--------+

Top non-repeatable levels by time:
     D:3: 1494 daAuts
     D:2: 695 daAuts
     D:1: 687 daAuts
     D:4: 557 daAuts
